 Dungeon Crawl Stone Soup version 0.28-a0-1404-g4df0f3684d (webtiles) character file.

Game seed: 9530922428593541860

7 fragbeetle the Ruffian (level 1, -1/16 HPs)
             Began as a Draconian Transmuter on Jan 5, 2022.
             Succumbed to a kobold's poison
             ... on level 1 of the Dungeon.
             The game lasted 00:00:35 (383 turns).

fragbeetle the Ruffian (Draconian Transmuter)        Turns: 383, Time: 00:00:36

Health: -1/16      AC:  4    Str: 12    XL:     1   Next: 83%
Magic:  2/3        EV: 12    Int: 13    God:
Gold:   5          SH:  0    Dex: 11    Spells: 3/4 levels left

rFire   + . .      SeeInvis .     - Unarmed
rCold   + . .      Faith    .   (no shield)
rNeg    . . .      Spirit   .   (armour unavailable)
rPois   +          Reflect  .   (helmet currently unavailable)
rElec   +          Harm     .   (no cloak)
rCorr   +          Rampage  .   (no gloves)
Will    .....                   (boots currently unavailable)
Stlth   +.........              (no amulet)
HPRegen 0.05/turn               (no ring)
MPRegen 0.08/turn               (no ring)

@: lethally poisoned (-1 -> -7), appendages (expiring), resistant
A: horns 2, talons 2, AC +4, unfitting armour, cold-blooded
a: End Transformation


You were on level 1 of the Dungeon.
You had temporarily grown beastly horns and talons.
You visited 1 branch of the dungeon, and saw 1 of its levels.

You collected 5 gold pieces.

Inventory:

Missiles
 c - 17 sling bullets
 d - 20 stones
Scrolls
 b - a scroll of teleportation {unknown}


   Skills:
 + Level 1.2 Fighting
 + Level 1.9 Dodging
 * Level 3.1 Unarmed Combat
 - Level 2.0 Spellcasting
 * Level 2.2 Transmutations


You had 3 spell levels left.
You knew the following spells:

 Your Spells              Type           Power      Damage    Failure   Level
a - Beastly Appendage     Tmut           14%        N/A       10%         1

Your spell library contained the following spells:

 Spells                   Type           Power      Damage    Failure   Level
 Wereblood                Tmut           7%         N/A       16%         2
 Spider Form              Tmut/Pois      4%         N/A       43%         3
 Ice Form                 Ice/Tmut       4%         N/A       85%         4


Dungeon Overview and Level Annotations

Branches:
Dungeon (1/15)

Altars:


Innate Abilities, Weirdness & Mutations

You have temporarily grown beastly horns and talons.
Your plain brown scales are hard. (AC +4)
You cannot fit into any form of body armour.
You are cold-blooded and may be slowed by cold attacks.


Message History

You see here 17 sling bullets.
c - 17 sling bullets
Things that are here:
a +0 dagger; a stone; a kobold corpse
d - a stone Your horns disappear.
Your talons disappear.
d - 20 stones (gained 19)
A kobold comes into view.
It is wielding a +0 short sword of venom.
The kobold shouts!
You grow a pair of large bovine horns.
Your feet morph into talons.
You closely miss the kobold. You claw the kobold.
The kobold is severely wounded.
The kobold hits you but does no damage.
You are poisoned.
You hit the kobold but do no damage.
The kobold is severely wounded.
You feel sick. The kobold barely misses you.
You barely miss the kobold.
The kobold is severely wounded.
You feel sick. The kobold hits you but does no damage.
You are lethally poisoned!
You closely miss the kobold. You claw the kobold.
You kill the kobold!
You feel very sick.
You feel very sick.
Things that are here:
a +0 short sword of venom; a kobold corpse
There is a lethal amount of poison in your body!
It was a potion of resistance.
You feel protected.
* * * LOW HITPOINT WARNING * * *
You feel very sick.
There is a lethal amount of poison in your body!
There is a lethal amount of poison in your body!
* * * LOW HITPOINT WARNING * * *
You feel sick.
* * * LOW HITPOINT WARNING * * *
You feel sick.
Your transformation is almost over.
You die...

..# ..# #.# #.# #.#
#.# ##.## #.#
##.@.##
#.########.#.#.###.#
#.##.........).....#
#.##.#####..##.#####
#.##.# ##...##
##.##.# #.###
##...#.# #.#
###......# #.#
.......#.# #.#


There were no monsters in sight!

Vanquished Creatures
  A ball python (D:1)
  An endoplasm (D:1)
  A goblin (D:1)
  3 kobolds (D:1)
6 creatures vanquished.

Notes
Turn   | Place    | Note
-------+----------+-------------------------------------------
     0 | D:1      | fragbeetle the Draconian Transmuter began the quest for the
                  | Orb.
     0 | D:1      | Reached XP level 1. HP: 16/16 MP: 3/3
   383 | D:1      | Succumbed to a kobold's poison

Illustrated notes

Levels and vault maps discovered:
D:1:      dpeg_arrival_signposts, layout_loops_ring

Action                   || total
-------------------------++-------
Melee: Unarmed           ||    17
       Kick              ||     4
 Cast: Beastly Appendage ||     3
  Use: Potion            ||     1
Armor: Skin              ||    11
Dodge: Dodged            ||    11

Table legend: (Time is in decaauts)
 A = Elapsed time spent in this place.
 B = Non-inter-level travel time spent in this place.
 C = Inter-level travel time spent in this place.
 D = Time resting spent in this place.
 E = Time spent auto-exploring this place.
 F = Levels seen in this place.
 G = Mean time per level.
                   A        B        C        D        E       F      G
               +--------+--------+--------+--------+--------+-----+--------+
         Total |    382 |    382 |      0 |      0 |    320 |   1 |  382.0 |
       Dungeon |    382 |    382 |      0 |      0 |    320 |   1 |  382.0 |
               +--------+--------+--------+--------+--------+-----+--------+

Top non-repeatable levels by time:
     D:1: 382 daAuts
